 Dungeon Crawl Stone Soup version 0.17.2-1-ge4368a0 (webtiles) character file.

28 ololoev the Skirmisher (level 3, 10/29 HPs)
             Began as a Demonspawn Fighter on Oct 27, 2016.
             Quit the game on level 2 of the Dungeon.
             The game lasted 00:01:11 (249 turns).

ololoev the Skirmisher (Demonspawn Fighter)          Turns: 249, Time: 00:01:11

Health: 10/29      AC:  6    Str: 17    XL:     3   Next: 0%
Magic:  3/3        EV:  9    Int:  9    God:
Gold:   50         SH:  0    Dex: 12    Spells: 0 memorised, 2 levels left

rFire  . . .     SeeInvis .     a - +0 war axe
rCold  . . .     Clarity  .     b - +0 scale mail
rNeg   . . .     SustAt   .     (no shield)
rPois  .         Gourm    .     (no helmet)
rElec  .         Spirit   .     (no cloak)
rCorr  +         Warding  .     (no gloves)
rMut   .         Stasis   .     (no boots)
MR     .....                    c - amulet of resist corrosion
Stlth  ..........               (no ring)
                                (no ring)

@: not resistant to hostile enchantments, extremely unstealthy
A: demonic guardian 1, rot immunity
a: no special abilities


Innate Abilities, Weirdness & Mutations

A weak demonic guardian rushes to your aid.
You are immune to rotting.

Inventory:

Hand Weapons
 a - a +0 war axe (weapon)
Armour
 b - a +0 scale mail (worn)
Jewellery
 c - an amulet of resist corrosion (around neck)
Scrolls
 g - a scroll of remove curse {unknown}
 h - a scroll of noise {unknown}
 i - 2 scrolls of identify {unknown}
Potions
 d - a potion of might
 f - a potion of magic {unknown}
Comestibles
 e - 2 bread rations


   Skills:
 + Level 3.3 Fighting
 * Level 2.6 Axes
 + Level 2.9 Armour
   Level 2.6 Shields


You had 2 spell levels left.
You didn't know any spells.


You were on level 2 of the Dungeon.
You were not hungry.

You visited 1 branch of the dungeon, and saw 2 of its levels.

You collected 50 gold pieces.

### ...# ### #.. )..
#....## # #.#... #.
#... #.####.#
......#.....†#######
.....###...@)......
....# #.#...######
...# #.#...# .. ..#
#.#...# .# #.# #.#...#
.#
#######.###.#...##.#
............#..).<.#
######.##)#####..#####
.......)..#####......#

Notes
Turn   | Place    | Note
--------------------------------------------------------------
     0 | D:1      | ololoev the Demonspawn Fighter began the quest for the Orb.
     0 | D:1      | Reached XP level 1. HP: 18/18 MP: 1/1
    74 | D:1      | Gained mutation: You are immune to rotting. [demonic ancestry]
    74 | D:1      | Reached XP level 2. HP: 21/24 MP: 2/2
   248 | D:2      | Gained mutation: A weak demonic guardian rushes to your aid. [demonic ancestry]
   248 | D:2      | Reached XP level 3. HP: 10/29 MP: 3/3
   249 | D:2      | Quit the game

Dungeon Overview and Level Annotations

Branches:
Dungeon (2/15)

Altars:


Message History

You open the door.
There is an open door here.
Things that are here:
a dagger; a goblin corpse A bat comes into view.
Found a hand axe.
A bat is nearby!
You are too injured to fight recklessly!
You are too injured to fight recklessly!
You are too injured to fight recklessly!
You are too injured to fight recklessly!
You are too injured to fight recklessly!
You are too injured to fight recklessly!
You are too injured to fight recklessly!
The bat barely misses you.
A goblin comes into view. It is wielding a club.
The goblin shouts!
The bat completely misses you. The bat hits you but does no damage.
The bat closely misses you.
You barely miss the bat. The bat hits you but does no damage.
The bat closely misses you. The bat misses you.
The bat hits you but does no damage.
You closely miss the bat. The bat hits you but does no damage.
The bat hits you but does no damage.
You slash the bat!
You kill the bat!
The goblin hits you but does no damage.
You closely miss the goblin. The goblin hits you with a club.
You closely miss the goblin. The goblin barely misses you.
You barely miss the goblin. The goblin hits you with a club.
You closely miss the goblin. The goblin hits you but does no damage.
The goblin hits you but does no damage.
You slash the goblin!
You kill the goblin!
You have reached level 3!
Your experience leads to an increase in your attributes!
Increase (S)trength, (I)ntelligence, or (D)exterity?
You feel stronger.
Your demonic ancestry asserts itself...
You feel the presence of a demonic guardian.
Are you sure you want to abandon this character and quit the game? (Confirm with "yes".)

There were no monsters in sight!

Vanquished Creatures
  An adder (D:2)
  A giant gecko (D:1)
  4 bats
  3 hobgoblins
  A giant newt (D:1)
  3 goblins
  5 rats
18 creatures vanquished.

Action                   || total
-------------------------++-------
Melee: War axe           ||    50

Vault maps used:
D:1:      minmay_arrival_three_doors, minivault_14, kennysheep_minor_cross
D:2:      first_bread
